 Dungeon Crawl Stone Soup version 0.31-a0-799-g6bc09d010c (webtiles) character file.

Game seed: 13339617159356045959

249 MackTheKnife the Grasshopper (level 5, 23/23 HPs)
             Began as a Felid Wanderer on Sept 20, 2023.
             Quit the game on level 5 of the Dungeon.
             The game lasted 00:08:34 (4316 turns).

MackTheKnife the Grasshopper (Felid Wanderer)       Turns: 4316, Time: 00:08:35

Health: 23/23      AC:  1    Str:  9    XL:     5   Next: 87%
Magic:  9/9        EV: 33    Int: 15    God:
Gold:   223        SH:  0    Dex: 15    Spells: 6/9 levels left
                                        Lives:  0   Deaths: 2

rFire   . .          .
                       - Unarmed
rCold   + . .        (shield unavailable)
rNeg    . . .        (body armour unavailable)
rPois   .            (helmet unavailable)
rElec   .            (cloak unavailable)
rCorr   .            (gloves unavailable)
SInv    +            (boots unavailable)
Will    .....        h - amulet of the acrobat
Stlth   +++          c - ring of protection from cold
HPRegen 0.23/turn    (no ring)
MPRegen 0.11/turn

%: acrobat
@: acrobatic, quick
A: very small, claws 1, fangs 3, see invisible, speed 1, shaggy fur 1, stealthy
paws, no weapons or thrown items, no armour, multi-lived
a: no special abilities


You were on level 5 of the Dungeon.
You visited 1 branch of the dungeon, and saw 6 of its levels.

You collected 223 gold pieces.


Innate Abilities, Weirdness & Mutations

You have sharp claws.
You have razor-sharp teeth.
You have supernaturally acute eyesight. (SInv)
You cover ground quickly. (Speed+)
You are covered in fur. (AC +1)
Your paws help you pounce on unaware monsters.
You are incapable of wielding weapons or throwing items.
You cannot wear armour.
You gain extra lives every three experience levels.


   Skills:
 - Level 2.5 Fighting
 - Level 3.4 Dodging
 - Level 4.0 Stealth
 - Level 3.5 Unarmed Combat
 + Level 2.5 Spellcasting
 + Level 1.4 Summonings
 - Level 5.8 Translocations


You had 6 spell levels left.
You knew the following spells:

 Your Spells              Type           Power      Damage    Failure   Level
a - Apportation           Tloc           38%        N/A       1%          1
b - Call Imp              Summ           12%        N/A       17%         2

Your spell library contained the following spells:

 Spells                   Type           Power      Damage    Failure   Level
 Momentum Strike          Conj/Tloc      20%        3d8       10%         2
 Manifold Assault         Tloc           19%        N/A       19%         4
 Magic Dart               Conj           4%         1d3       22%         1
 Ensorcelled Hibernation  Hex/Ice        2%         N/A       32%         2
 Jinxbite                 Hex            2%         N/A       32%         2
 Wereblood                Tmut           1%         N/A       32%         2
 Mephitic Cloud           Conj/Pois/Air  1%         N/A       54%         3
 Ozocubu's Armour         Ice            1%         N/A       54%         3
 Anguish                  Hex/Necr       0%         N/A       91%         4
 Irradiate                Conj/Tmut      0%         3d11      99%         5
 Ozocubu's Refrigeration  Ice            0%         4d7       100%        7

Inventory:

Jewellery
 c - a ring of protection from cold (left paw)
   (You found it on level 1 of the Dungeon)
 h - an amulet of the acrobat (around neck)
   (You found it on level 2 of the Dungeon)
Scrolls
 b - 2 scrolls of fear
 e - 4 scrolls of vulnerability {!r!r}
 l - a scroll of revelation {unknown}
 p - a scroll of immolation {unknown}
Potions
 a - a potion of attraction {!q}
 d - 2 potions of heal wounds {@q2}
 g - a potion of haste {unknown}
 i - a potion of curing {unknown}
 m - 2 potions of cancellation
 n - a potion of brilliance
 o - a potion of ambrosia {unknown}

Dungeon Overview and Level Annotations

Branches:
Dungeon (6/15) Zot: 26998
 Temple: D:4-7

Altars:
Ashenzari
Makhleb
Okawaru
Qazlal

Shops:
D:4 *

Annotations:
D:1 exclusion: 2 jackals
D:2 Terence
D:5 2 transporters, Dowan; Duvessa; Karim's ghost, weakling GnDe
D:6 Jeremiah

#.#.####.#O.####
#.#......#.....#
#.#..######5##.#
...#.#......##..#.#
#O.#.##.###.###.#(#
###..#.##.# #?# #.#.# ..
.O.......># #.# #.#.#
##'#####..###..###?# #.#.#
#......#.O##...@...###.#.#
#......#..#..###.......#.#
#......#.....#.###....##.#
#......#.....#...##...##.#
#.[......#####....#.(###.#
#..............#####.....#
#..O....###.#..#...#...###
##'##'### #....'._.#...#
#.#..# ###..#...#..##


There were no monsters in sight!


Message History

There are monsters nearby!
Unknown command. 😕 HP[+1] Unknown command.
The helpless Jeremiah fails to defend themself.
You mangle Jeremiah!!
Jeremiah hits you with a +3 trident of draining.
You feel drained.
* * * LOW HITPOINT WARNING * * *
😨 HP[-8]
You now have 22 max hp (-1).
You take 8 damage, and now have 10/22 hp.
MASSIVE DAMAGE!! (PAUSE) Unknown command.
Jeremiah says, "Oh, this is an awfully strange dream."
Jeremiah completely misses you.
Found a stone staircase leading up. 😨 HP[+1] 😮 HP[+1]
There is a stone staircase leading up here.
You climb upwards.
Level annotation: 2 transporters, Dowan; Duvessa; Karim's ghost, weakling GnDe
There is a stone staircase leading down here. 😮 HP[+1]
You start resting. 😎 HP[+9]
Your hp is fully restored (22).
A scorpion is nearby!
A scorpion is nearby!
A scorpion is nearby!
A tiny devil pulls itself out of the air.
The scorpion misses you. 😎 MP[-2]
You lost 2 mp, and now have 7/9 mp.
Unknown command.
You barely miss the scorpion. The scorpion stings you. 😕 HP[-3]
You take 3 damage, and now have 19/22 hp.
You closely miss the scorpion. Your claw misses the scorpion.
The scorpion completely misses you.
Your cerulean imp hits the scorpion but does no damage.
You scratch the scorpion but do no damage.
The scorpion stings you!
Your cerulean imp hits the scorpion but does no damage. 😮 HP[-6]
You take 6 damage, and now have 13/22 hp.
MASSIVE DAMAGE!! (PAUSE)
You are too injured to fight recklessly!
The scorpion attacks as it pursues you! The scorpion barely misses you.
You barely miss the scorpion.
Your cerulean imp hits the scorpion but does no damage.
The scorpion stings you.
* * * LOW HITPOINT WARNING * * *
😨 HP[-4]
You take 4 damage, and now have 9/22 hp.
You scratch the scorpion.
Your cerulean imp closely misses the scorpion.
The scorpion stings you.
* * * LOW HITPOINT WARNING * * *
😨 HP[-1]
You take 1 damage, and now have 8/22 hp.
You scratch the scorpion but do no damage.
The scorpion stings you.
* * * LOW HITPOINT WARNING * * *
Your cerulean imp closely misses the scorpion. 😱 HP[-3]
You take 3 damage, and now have 5/22 hp.
Unknown command.
Your cerulean imp hits the scorpion but does no damage. 😱 MP[+1]
Your cerulean imp hits the scorpion but does no damage. 😨 HP[+1]
The scorpion attacks as it pursues you!
The scorpion completely misses you. 😨 HP[+1]
The scorpion attacks as it pursues you! The scorpion completely misses you.
Your cerulean imp hits the scorpion but does no damage. 😨 MP[+1]
Your mp is fully restored (9). 😨 HP[+1]
Your cerulean imp hits the scorpion but does no damage.
A water moccasin comes into view.
The water moccasin hisses angrily. 😨 HP[+1]
The water moccasin bites you.
* * * LOW HITPOINT WARNING * * *
The water moccasin completely misses you. 😱 HP[-6]
You take 6 damage, and now have 3/22 hp.
MASSIVE DAMAGE!! (PAUSE)
The scorpion attacks as it pursues you!
The scorpion completely misses you. 😱 HP[+1]
The scorpion attacks as it pursues you! The scorpion completely misses you.
Found an iron altar of Okawaru.
The scorpion attacks as it pursues you! The scorpion completely misses you.
The scorpion attacks as it pursues you! The scorpion stings you!
You die...
You rejoin the land of the living... 😎 HP[+19]
You now have 23 max hp (+1).
Your hp is fully restored (23).
Are you sure you want to abandon this character and quit the game? (Confirm with "yes".)

Skill      XL: |  1  2  3  4  5 |
---------------+----------------+-----
Unarmed Combat | 1 2 3 |  3.5
Fighting       | 2 |  2.5
Dodging        | 1 2 3 |  3.4
Summonings     | 1 |  1.4
Stealth        | |  4.0
Spellcasting   | |  2.5
Translocations | |  5.8

Action                     |  1- 3 |  4- 6 || total
---------------------------+-------+-------++-------
  Melee: Unarmed           |   134 |    94 ||   228
         Bite              |    14 |    10 ||    24
         Punch             |     2 |     2 ||     4
   Cast: Apportation       |       |     1 ||     1
         Call Imp          |       |     8 ||     8
    Use: Scroll            |       |     6 ||     6
         Potion            |       |     1 ||     1
   Stab: Sleeping          |    15 |     5 ||    20
 Armour: Skin              |    36 |    35 ||    71
  Dodge: Dodged            |    68 |    84 ||   152

Levels and vault maps discovered:
D:1:      minmay_arrival_stone_box, layout_basic, serial_park_tiny_2,
          minmay_quantized
D:2:      layout_basic, uniq_terence
D:3:      layout_rooms, mainiacjoe_overflow_alcove_1
D:4:      layout_basic, tgw_sif, serial_shops, kennysheep_little_box,
          st_stairs_9
D:5:      layout_basic, nicolae_ashenzari_skybound,
          mainiacjoe_overflow_boulevard, makhleb_altar_promises_db,
          kennysheep_mini_moat, gammafunk_ghost_arena, uniq_duvessa, uniq_edmund
D:6:      layout_loops_ring, serial_shops, nicolae_shop_gaudy_bauble,
          hangedman_abyss_or_decor_lesser_grid, minivault_11,
          amcnicky_mini_rare_corridor_liquid, uniq_jeremiah

Notes
Turn   | Place    | Note
-------+----------+-------------------------------------------
     0 | D:1      | MackTheKnife the Felid Wanderer began the quest for the
                  | Orb.
     0 | D:1      | MackTheKnife set off with the following items: a potion of
                  | attraction {!q}, a scroll of fear; and the following spell
                  | memorised: Apportation; and the following spells available
                  | to memorise: Momentum Strike, Manifold Assault.
     0 | D:1      | Reached XP level 1. HP: 9/9 MP: 4/4
     0 | D:1      | magus.rc [v1.9.6]
    97 | D:1      | Reached skill level 1 in Unarmed Combat
   252 | D:1      | Reached XP level 2. HP: 12/12 MP: 6/6
   559 | D:1      | You pick up a book of Changes and begin reading...
   559 | D:1      | You add the spells Wereblood and Irradiate to your library.
  1014 | D:2      | Reached skill level 2 in Fighting
  1180 | D:2      | Reached XP level 3. HP: 8/16 MP: 7/7
  1239 | D:2      | HP: 3/16 [adder (3)]
  1243 | D:2      | Reached skill level 2 in Unarmed Combat
  1445 | D:2      | Noticed Terence
  1938 | D:3      | You pick up a book of Minor Magic and begin reading...
  1938 | D:3      | You add the spells Magic Dart, Call Imp and Mephitic Cloud
                  | to your library.
  1991 | D:3      | Found a stormy altar of Qazlal.
  2050 | D:3      | Reached skill level 1 in Dodging
  2192 | D:3      | Reached XP level 4. HP: 7/20 MP: 8/8
  2510 | D:4      | Reached skill level 2 in Dodging
  2510 | D:4      | Reached skill level 3 in Unarmed Combat
  2738 | D:4      | Found Kunwodip's General Store.
  2814 | D:4      | Noticed a black bear
  2998 | D:4      | Reached XP level 5. HP: 18/23 MP: 9/9
  3196 | D:4      | Reached skill level 3 in Dodging
  3296 | D:4      | Learned a level 2 spell: Call Imp
  3619 | D:5      | Entered Level 5 of the Dungeon
  3638 | D:5      | Reached skill level 1 in Summonings
  3672 | D:5      | Found a burning altar of Makhleb.
  3672 | D:5      | Noticed an Executioner
  3675 | D:5      | Noticed a water moccasin
  3753 | D:5      | Found a broken altar of Ashenzari.
  3757 | D:5      | Noticed an ogre
  3830 | D:5      | Found a transporter.
  3833 | D:5      | Found a transporter.
  3835 | D:5      | Noticed Karim's ghost (weakling GnDe)
  3844 | D:5      | Noticed a black bear
  3990 | D:5      | You pick up a book of Dreams and begin reading...
  3990 | D:5      | You add the spells Jinxbite, Ensorcelled Hibernation and
                  | Anguish to your library.
  4012 | D:5      | Noticed an ogre
  4046 | D:5      | HP: 4/23 [ogre/+0 giant spiked club (19)]
  4050 | D:5      | HP: 1/23 [poisoned by a water moccasin]
  4052 | D:5      | Demolished by an ogre
  4078 | D:5      | You add the spells Ozocubu's Armour and Ozocubu's
                  | Refrigeration to your library.
  4117 | D:5      | Noticed Dowan
  4186 | D:5      | Noticed a yak
  4186 | D:5      | Noticed Duvessa
  4208 | D:6      | Noticed Jeremiah
  4281 | D:5      | HP: 5/22 [scorpion (4)]
  4302 | D:5      | Noticed a water moccasin
  4305 | D:5      | HP: 3/22 [water moccasin (6)]
  4310 | D:5      | Found an iron altar of Okawaru.
  4313 | D:5      | Slain by a scorpion
  4316 | D:5      | Quit the game

Vanquished Creatures
  A howler monkey (D:4)
  A hound (D:5)
  A jelly (D:4)
  An iguana (D:4)
  4 adders
  A white imp (D:5)
  An ufetubus (D:4)
  2 worms (D:2)
  3 dart slugs
  2 orcs
  4 ball pythons
  3 bats
  6 endoplasms
  2 giant cockroaches (D:4)
  8 goblins
  6 hobgoblins
  2 jackals
  4 kobolds
  5 quokkas
  3 frilled lizards
  3 rats
63 creatures vanquished.

Table legend:
 A = Non-vault XP
 B = Vault XP
 C = Vault XP percentage of total XP
 D = Non-vault monster count
 E = Vault monster count
 F = Vault count percentage of total count
                 A         B        C        D         E       F
            +---------+---------+-------+---------+---------+-------
      Total |     353 |       4 |   1.1 |      61 |       2 |   3.2
            +---------+---------+-------+---------+---------+-------
        D:1 |      23 |       0 |   0.0 |      12 |       0 |   0.0
        D:2 |      47 |       0 |   0.0 |      17 |       0 |   0.0
        D:3 |      34 |       0 |   0.0 |      16 |       0 |   0.0
        D:4 |     196 |       4 |   2.0 |      14 |       2 |  12.5
        D:5 |      53 |       0 |   0.0 |       2 |       0 |   0.0
            +---------+---------+-------+---------+---------+-------

Skill      XL: |  1  2  3  4  5 |
---------------+----------------+-----
Unarmed Combat | 1 2 3 |  3.5
Fighting       | 2 |  2.5
Dodging        | 1 2 3 |  3.4
Summonings     | 1 |  1.4
Stealth        | |  4.0
Spellcasting   | |  2.5
Translocations | |  5.8

Action                     |  1- 3 |  4- 6 || total
---------------------------+-------+-------++-------
  Melee: Unarmed           |   134 |    94 ||   228
         Bite              |    14 |    10 ||    24
         Punch             |     2 |     2 ||     4
   Cast: Apportation       |       |     1 ||     1
         Call Imp          |       |     8 ||     8
    Use: Scroll            |       |     6 ||     6
         Potion            |       |     1 ||     1
   Stab: Sleeping          |    15 |     5 ||    20
 Armour: Skin              |    36 |    35 ||    71
  Dodge: Dodged            |    68 |    84 ||   152

Illustrated notes

Table legend:
 A = Kills in this place as a percentage of kills in the entire game.
 B = Kills by you in this place as a percentage of kills by you in the entire game.
 C = Kills by friends in this place as a percentage of kills by friends in the entire game.
 D = Other kills in this place as a percentage of other kills in the entire game.
 E = Experience gained in this place as a percentage of experience gained in the entire game.
 F = Experience gained in this place divided by the number of levels of this place that you have seen.
                   A       B       C       D       E      F
               +-------+-------+-------+-------+-------+----------------------
         Total | 100.0 | 100.0 |   N/A |   N/A | 100.0 |  59.5
       Dungeon | 100.0 | 100.0 |   N/A |   N/A | 100.0 |  59.5
               +-------+-------+-------+-------+-------+----------------------

Table legend: (Time is in decaauts)
 A = Elapsed time spent in this place.
 B = Non-inter-level travel time spent in this place.
 C = Inter-level travel time spent in this place.
 D = Time resting spent in this place.
 E = Time spent auto-exploring this place.
 F = Levels seen in this place.
 G = Mean time per level.
                   A        B        C        D        E       F      G
               +--------+--------+--------+--------+--------+-----+--------+
         Total |   3627 |   3419 |    208 |    407 |   1969 |   6 |  604.5 |
       Dungeon |   3627 |   3419 |    208 |    407 |   1969 |   6 |  604.5 |
               +--------+--------+--------+--------+--------+-----+--------+

Top non-repeatable levels by time:
     D:4: 1081 daAuts
     D:1: 814 daAuts
     D:2: 754 daAuts
     D:3: 502 daAuts
     D:5: 459 daAuts
     D:6: 15 daAuts
